 Dungeon Crawl Stone Soup version 0.22.1-2-g9c5b331383 (webtiles) character file.

4113 Peloso the Carver (level 10, -5/88 HPs)
             Began as a Minotaur Fighter on Dec 20, 2018.
             Was a Priest of Okawaru.
             Slain by a vampire (9 damage)
             ... on level 9 of the Dungeon.
             The game lasted 00:19:34 (6701 turns).

Peloso the Carver (Minotaur Fighter)                Turns: 6701, Time: 00:19:35

Health: -5/88      AC: 11    Str: 28    XL:     10   Next: 6%
Magic:  8/9        EV:  8    Int:  5    God:    Okawaru [***...]
Gold:   570        SH: 12    Dex: 11    Spells: 9/9 levels left

rFire    + . .     SeeInvis .   a - +0 long sword
rCold    + . .     Gourm    .   c - +0 shield
rNeg     . . .     Faith    .   k - +0 chain mail
rPois    .         Spirit   .   (helmet restricted)
rElec    .         Reflect  .   i - scarf {rC+ rF+}
rCorr    .         Harm     .   (no gloves)
MR       .....                  (no boots)
Stlth    ..........             r - amulet of regeneration
HPRegen  0.64/turn              (no ring)
MPRegen  0.11/turn              E - ring of wizardry

@: mighty
A: retaliatory headbutt, horns 2
a: Heroism, Renounce Religion


You were on level 9 of the Dungeon.
You worshipped Okawaru.
Okawaru was most pleased with you.
You were not hungry.

You visited 2 branches of the dungeon, and saw 10 of its levels.
You also visited: Sewer.

You collected 570 gold pieces.

Inventory:

Hand Weapons
 a - a +0 long sword (weapon)
 g - the +3 hand axe of Defiance {drain, rElec rPois}
   (You found it on level 7 of the Dungeon)

   A truly terrible weapon, it drains the life of those it strikes.
   It insulates you from electricity.
   It protects you from poison.
Armour
 b - a +0 scale mail
 c - a +0 shield (worn)
 i - a scarf of resistance (worn)
 k - a +0 chain mail (worn)
Jewellery
 r - an amulet of regeneration (around neck)
 E - a ring of wizardry (right hand)
 K - an uncursed amulet of rage
Wands
 n - a wand of disintegration (7)
 C - a wand of clouds (5)
 F - a wand of acid (18)
 I - a wand of random effects (38)
 J - a wand of polymorph (8)
Scrolls
 j - 6 scrolls of magic mapping
 m - 2 scrolls of identify
 o - a scroll of fear {unknown}
 p - a scroll of amnesia
 s - 2 scrolls of random uselessness {unknown}
 t - a scroll of blinking {unknown}
 u - 2 scrolls of enchant armour {unknown}
 v - 3 scrolls of immolation {unknown}
 y - 2 scrolls of fog
 D - 2 scrolls of teleportation
 G - a scroll of remove curse
 H - a scroll of enchant weapon {unknown}
 L - a scroll of summoning {unknown}
Potions
 d - 2 potions of might
 e - a potion of mutation
 h - 5 potions of brilliance
 l - 2 potions of invisibility
 x - a potion of haste
 z - 2 potions of magic {unknown}
 A - 5 potions of heal wounds {unknown}
 B - a potion of resistance {unknown}
Comestibles
 f - 17 rations
 w - 5 chunks of flesh


   Skills:
 + Level 7.9 Fighting
 + Level 10.1 Long Blades
 + Level 1.3 Axes
 + Level 9.2 Armour
 + Level 2.4 Dodging
 + Level 0.6 Stealth
 + Level 9.3 Shields
 + Level 0.4 Invocations


You had 9 spell levels left.
You didn't know any spells.
Your spell library contained the following spells:

 Spells                   Type           Power        Failure   Level  Hunger
 Animate Skeleton         Necr           N/A          86%         1    ##.....
 Apportation              Tloc           #.....       86%         1    ##.....
 Confusing Touch          Hex            #.....       86%         1    ##.....
 Freeze                   Ice            #...         86%         1    ##.....
 Magic Dart               Conj           #...         86%         1    ##.....
 Shock                    Conj/Air       #...         86%         1    ##.....
 Summon Small Mammal      Summ           #...         86%         1    ##.....
 Blink                    Tloc           N/A          95%         2    ###....
 Call Imp                 Summ           #.......     95%         2    ###....
 Searing Ray              Conj           #.....       95%         2    ###....
 Slow                     Hex            #.......     95%         2    ###....
 Swiftness                Chrm/Air       #.......     95%         2    ###....
 Throw Frost              Conj/Ice       #.....       95%         2    ###....
 Conjure Flame            Conj/Fire      #.......     99%         3    ####...
 Dazzling Spray           Conj/Hex       #.....       99%         3    ####...
 Mephitic Cloud           Conj/Pois/Air  #.......     99%         3    ####...
 Ozocubu's Armour         Chrm/Ice       #.......     99%         3    ####...
 Static Discharge         Conj/Air       #.......     99%         3    ####...
 Airstrike                Air            #.........   100%        4    #####..
 Force Lance              Conj/Tloc      #.......     100%        4    #####..
 Fulminant Prism          Conj/Hex       #.........   100%        4    #####..
 Iskenderun's Mystic Bla  Conj           #.......     100%        4    #####..
 Summon Ice Beast         Ice/Summ       #.......     100%        4    #####..
 Throw Icicle             Conj/Ice       #.......     100%        4    #####..
 Lightning Bolt           Conj/Air       #.........   100%        5    ######.


Dungeon Overview and Level Annotations

Branches:
Dungeon (9/15)             Temple (1/1) D:4
   Lair: D:8-11         Orc: D:9-12

Altars:
Ashenzari
Dithmenos
Elyvilon
Fedhas
Gozag
Hepliaklqana
Kikubaaqudgha
Makhleb
Nemelex Xobeh
Okawaru
Qazlal
Ru
Sif Muna
Trog
Uskayaw
Vehumet
Wu Jian
The Shining One

Annotations:
D:5 2 runed doors, Chudej's ghost, amateur DECj


Innate Abilities, Weirdness & Mutations

You reflexively headbutt those who attack you in melee.
You have a pair of horns on your head.


Message History

You feel very mighty all of a sudden. Something hits you but does no damage.
Something bites you!
* * * LOW HITPOINT WARNING * * *
Something draws strength from your injuries!
You feel better.
You feel like a meek peon again. Something hits you but does no damage.
Something bites you.
* * * LOW HITPOINT WARNING * * *
Something draws strength from your injuries!
The orc priest looks satisfied for a moment.
Unknown command.
You feel better. Something hits you.
* * * LOW HITPOINT WARNING * * *
Something bites you!
* * * LOW HITPOINT WARNING * * *
Something draws strength from your injuries!
The orc wizard looks braver for a moment.
Unknown command.
You closely miss something. Your headbutt misses something. Something hits you!
You die...

#### #### #.. ..#
#####(# #.# #.....#
#.# #.....#####.#
#........##@#
###.....#...#{####.#
#...........ooo.....a
#...........#.####.##
#.............###
####...#........#
#...#.##.###.?..
#...#[##.#


.Voo ##########...#.## ... You could see an orc priest, an orc wizard and an
orc.

Vanquished Creatures
  Grinder (D:4)
  3 hippogriffs
  4 yaks (D:9)
  A hungry ghost (D:7)
  2 water moccasins
  2 sky beasts
  A necrophage (D:6)
  2 ogres
  A phantom (D:4)
  A centaur (D:6)
  3 bullfrogs
  A scorpion (D:6)
  A howler monkey (D:7)
  3 wights (D:4)
  A centaur zombie (D:6)
  2 crimson imps
  2 bullfrog zombies
  A hound (D:8)
  4 orc priests
  2 centaur skeletons
  3 bullfrog skeletons
  2 gnoll shamans
  A jelly (D:6)
  8 orc wizards
  An iguana (D:4)
  9 worker ants
  A worker ant zombie (D:7)
  A howler monkey zombie (D:5)
  8 gnolls
  14 adders
  7 river rats (Sewer)
  A shadow imp (D:9)
  2 oozes
  An adder zombie (D:5)
  2 adder skeletons
  2 worms
  4 dart slugs
  11 leopard geckos
  7 orcs
  14 giant cockroaches
  7 hobgoblins
  16 jackals
  3 quokkas
  13 ball pythons
  A ball python skeleton (D:6)
  8 bats
  5 frilled lizards
  6 goblins
  13 kobolds
  37 rats
246 creatures vanquished.

Notes
Turn   | Place    | Note
-------+----------+-------------------------------------------
     0 | D:1      | Peloso the Minotaur Fighter began the quest for the Orb.
     0 | D:1      | Reached XP level 1. HP: 19/19 MP: 0/0
   135 | D:1      | Reached XP level 2. HP: 15/27 MP: 1/1
   343 | D:1      | Reached XP level 3. HP: 31/33 MP: 2/2
   420 | D:1      | Reached skill level 3 in Long Blades
   886 | D:2      | Noticed a hand axe
   887 | D:2      | Noticed a dagger
   890 | D:2      | Found a hide-covered altar of Uskayaw.
  1042 | D:2      | Reached XP level 4. HP: 41/41 MP: 3/3
  1593 | D:3      | Reached XP level 5. HP: 47/47 MP: 4/4
  1603 | D:3      | Reached skill level 5 in Fighting
  1647 | D:3      | Reached skill level 4 in Long Blades
  1813 | D:3      | Found an ancient bone altar of Kikubaaqudgha.
  1857 | D:3      | Found a deep blue altar of Sif Muna.
  1857 | D:3      | Found a blossoming altar of Fedhas.
  1945 | D:3      | Found a bloodstained altar of Trog.
  2267 | D:4      | Reached skill level 5 in Long Blades
  2267 | D:4      | Reached XP level 6. HP: 19/56 MP: 5/5
  2333 | D:4      | Found a glowing drain.
  2344 | D:4      | Reached skill level 5 in Shields
  2354 | Sewer    | Entered a sewer
  2590 | Sewer    | Reached skill level 5 in Armour
  3146 | Sewer    | Reached XP level 7. HP: 54/62 MP: 6/6
  3340 | D:4      | Noticed Grinder
  3350 | D:4      | Killed Grinder
  3350 | D:4      | Reached skill level 6 in Long Blades
  3350 | D:4      | Reached skill level 1 in Dodging
  3494 | D:4      | Found a staircase to the Ecumenical Temple.
  3503 | Temple   | Entered the Ecumenical Temple
  3509 | Temple   | Became a worshipper of Warmaster Okawaru
  3670 | D:4      | Reached XP level 8. HP: 68/70 MP: 7/7
  3827 | D:5      | Entered Level 5 of the Dungeon
  3844 | D:5      | Reached skill level 7 in Long Blades
  4082 | D:5      | Found a large runed door.
  4082 | D:5      | Found a large runed door.
  4085 | D:5      | Noticed Chudej's ghost (amateur DECj)
  4299 | D:5      | Reached skill level 8 in Long Blades
  4678 | D:6      | Reached * piety under Okawaru
  4771 | D:6      | Reached XP level 9. HP: 60/78 MP: 8/8
  5059 | D:6      | Reached skill level 9 in Long Blades
  5180 | D:7      | Got a translucent hand axe
  5181 | D:7      | Identified the +3 hand axe of Defiance {drain, rElec rPois}
                  | (You found it on level 7 of the Dungeon)
  5254 | D:7      | Reached ** piety under Okawaru
  5258 | D:7      | Reached skill level 1 in Axes
  6161 | D:8      | Got a smoking helmet
  6162 | D:8      | Identified the +2 helmet of Light {Regen+} (You found it on
                  | level 8 of the Dungeon)
  6532 | D:9      | Reached skill level 10 in Long Blades
  6533 | D:9      | Reached *** piety under Okawaru
  6542 | D:9      | Reached XP level 10. HP: 74/88 MP: 9/9
  6698 | D:9      | HP: 2/88 [something (9)]
  6701 | D:9      | Slain by a vampire

Skill      XL: |  1  2  3  4  5  6  7  8  9 |
---------------+----------------------------+-----
Fighting       | 4 5 6 7 |  7.9
Armour         | 4 5 6 7 9 |  9.2
Shields        | 4 5 6 7 9 |  9.3
Long Blades    | 3 5 6 8 10 | 10.1
Dodging        | 1 2 |  2.4
Axes           | 1 |  1.3
Stealth        | |  0.6
Invocations    | |  0.4

Action                   |  1- 3 |  4- 6 |  7- 9 | 10-12 || total
-------------------------+-------+-------+-------+-------++-------
Melee: Long sword        |   127 |   147 |   373 |    28 ||   675
       Headbutt          |    12 |    49 |   109 |    10 ||   180
       Scimitar          |       |   107 |    48 |       ||   155
       War axe           |       |       |     6 |       ||     6
Invok: Heroism           |       |       |     1 |     1 ||     2
  Use: Scroll            |       |     7 |    10 |       ||    17
       Potion            |       |     1 |     2 |     4 ||     7
  Eat: Chunk             |       |     8 |    10 |     1 ||    19
       Ration            |       |       |     1 |       ||     1
Armor: Scale mail        |    39 |       |       |       ||    39
       Chain mail        |    32 |   193 |   200 |    15 ||   440
Dodge: Dodged            |    43 |    61 |    88 |     4 ||   196
Block: Shield            |    72 |   176 |   242 |     8 ||   498
       Rpst.: Long sword |    14 |     9 |    24 |       ||    47
       Scimitar          |       |     9 |     4 |       ||    13
